 Dungeon Crawl Stone Soup version 0.22.1-1-ga44c0e5 (webtiles) character file.

133 Lauz the Chopper (level 4, -1/37 HPs)
             Began as a Demonspawn Monk on Oct 31, 2018.
             Was a Believer of Ashenzari.
             Slain by a hobgoblin
             ... wielding a +0 club
              (2 damage)
             ... on level 3 of the Dungeon on Nov 1, 2018.
             The game lasted 00:11:45 (4111 turns).

Lauz the Chopper (Demonspawn Monk)                  Turns: 4111, Time: 00:11:46

Health: -1/37      AC:  4    Str: 13    XL:     4   Next: 94%
Magic:  13/13      EV: 14    Int: 11    God:    Ashenzari [**....]
Gold:   173        SH:  0    Dex: 15    Spells: 3/3 levels left

rFire    . . .     SeeInvis .   a - +0 hand axe
rCold    . . .     Gourm    .   (no shield)
rNeg     . . .     Faith    .   b - +0 robe
rPois    .         Spirit   .   (no helmet)
rElec    .         Reflect  .   (no cloak)
rCorr    .         Harm     .   (no gloves)
MR       .....                  (no boots)
Stlth    ++........             (no amulet)
HPRegen  0.12/turn              h - ring of magical power
MPRegen  0.13/turn              (no ring)

@: no status effects
A: slimy green scales 1, demonic guardian 1
a: Curse Item, Scrying, Renounce Religion


You were on level 3 of the Dungeon.
You worshipped Ashenzari.
Ashenzari was pleased with you.
You were not hungry.

You visited 1 branch of the dungeon, and saw 3 of its levels.

You collected 173 gold pieces.

Inventory:

Hand Weapons
 a - a +0 hand axe (weapon)
Armour
 b - a +0 robe (worn)
Jewellery
 h - a ring of magical power (left hand)
Scrolls
 d - a scroll of enchant weapon {unknown}
 e - a scroll of teleportation {unknown}
 g - a scroll of blinking {unknown}
Potions
 f - a potion of ambrosia {unknown}
 j - a potion of degeneration {unknown}
 k - a potion of curing {unknown}
Comestibles
 c - 5 rations


   Skills:
 + Level 3.8 Fighting
 + Level 4.0 Axes
 + Level 3.5 Dodging
 - Level 1.7 Stealth


You had 3 spell levels left.
You didn't know any spells.
Your spell library was empty.

Dungeon Overview and Level Annotations

Branches:
Dungeon (3/15)

Altars:
Ashenzari


Innate Abilities, Weirdness & Mutations

You are partially covered in slimy green scales. (AC +2)
A weak demonic guardian rushes to your aid.


Message History

The hobgoblin closely misses you. The hobgoblin hits you with a club.
* * * LOW HITPOINT WARNING * * *
The hobgoblin hits you but does no damage.
The hobgoblin barely misses you. The hobgoblin hits you with a club.
* * * LOW HITPOINT WARNING * * *
The hobgoblin barely misses you. The hobgoblin barely misses you.
The hobgoblin closely misses you.
The hobgoblin hits you but does no damage.
The hobgoblin hits you with a club.
* * * LOW HITPOINT WARNING * * *
The hobgoblin misses you.
The hobgoblin hits you but does no damage.
The hobgoblin hits you with a club.
* * * LOW HITPOINT WARNING * * *
The hobgoblin closely misses you. The hobgoblin hits you with a club.
You die...

, #......# , .######
#......### ,,
.......*##........# , {,
....... #....<..#.##
.......*#.#######..##*
.......#.. ##..###
.$....$..##########...#
*
.........##...)...###.#*
......g@..#.......# #.##
#####.#.#.........# #...
#.#.###.......# ###.
#.%......†....# #.
#.##..........### #[ #.
#.####..##...###. *#
...##......##.....
...###..####.######.
#.#. #..# #.# ##


You could see a hobgoblin.

Vanquished Creatures
  Ijyb (D:3)
  3 adders (D:2)
  A worm (D:2)
  A dart slug (D:2)
  A leopard gecko (D:1)
  An orc (D:3)
  5 bats
  3 giant cockroaches
  11 goblins
  6 hobgoblins
  4 jackals (D:2)
  A quokka (D:2)
  6 frilled lizards
  3 kobolds
  7 rats
54 creatures vanquished.

Vanquished Creatures (collateral kills)
  Natasha (D:2)
  A worm (D:2)
2 creatures vanquished.

Grand Total: 56 creatures vanquished

Notes
Turn   | Place    | Note
-------+----------+-------------------------------------------
     0 | D:1      | Lauz the Demonspawn Monk began the quest for the Orb.
     0 | D:1      | Reached XP level 1. HP: 18/18 MP: 1/1
   216 | D:1      | Gained mutation: A weak demonic guardian rushes to your
                  | aid. [demonic ancestry]
   216 | D:1      | Reached XP level 2. HP: 14/24 MP: 2/2
   654 | D:1      | Reached skill level 3 in Axes
  1470 | D:2      | Reached XP level 3. HP: 17/29 MP: 3/3
  2603 | D:2      | Noticed Natasha
  2623 | D:2      | Killed Natasha
  2623 | D:2      | Gained mutation: You are partially covered in slimy green
                  | scales. (AC +2) [demonic ancestry]
  2623 | D:2      | Reached XP level 4. HP: 15/36 MP: 4/4
  3521 | D:2      | Found a faded altar of an unknown god.
  3585 | D:2      | Became a worshipper of Ashenzari the Shackled
  3585 | D:2      | Reached * piety under Ashenzari
  3585 | D:2      | Reached ** piety under Ashenzari
  3709 | D:3      | Noticed Ijyb
  3773 | D:3      | Killed Ijyb
  3773 | D:3      | Reached skill level 4 in Axes
  4109 | D:3      | HP: 1/37 [hobgoblin/club (6)]
  4111 | D:3      | Slain by a hobgoblin

Skill      XL: |  1  2  3  4 |
---------------+-------------+-----
Axes           | 3 4 |  4.0
Dodging        | 3 |  3.5
Fighting       | |  3.8
Stealth        | |  1.7

Action                   |  1- 3 |  4- 6 || total
-------------------------+-------+-------++-------
Melee: Hand axe          |   157 |    65 ||   222
       Unarmed           |       |    40 ||    40
  Use: Scroll            |     1 |       ||     1
 Stab: Sleeping          |     4 |     1 ||     5
  Eat: Chunk             |     5 |     5 ||    10
Armor: Robe              |    24 |    41 ||    65
Dodge: Dodged            |   129 |   143 ||   272
